TOP OF THE 1ST |
Kenilworth Aces batting - Pitching for So Cal Bruins : RHP Jeffrey King
|
Pitching: RHP Jeffrey King
|
|
Batting: LHB Roger Moore
|
0-0: Ball 1-0: Fly out, F8 (Line Drive, 78M)
|
Batting: RHB Andrés Lara
|
0-0: Ground out 6-3 (Groundball, 6)
|
Batting: LHB Barrett Waters
|
0-0: Ball 1-0: Called Strike 1-1: Foul Ball, location: 2F 1-2: Strikes out swinging
|
Top of the 1st over - 0 runs, 0 hits, 0 errors, 0 left on base; Kenilworth 0 - So Cal 0 |
BOTTOM OF THE 1ST |
So Cal Bruins batting - Pitching for Kenilworth Aces : RHP Erwin Entwistle
|
Pitching: RHP Erwin Entwistle
|
|
Batting: RHB Dani Vázquez
|
0-0: Called Strike 0-1: Foul Ball, location: 2F 0-2: Ball 1-2: Strikes out looking
|
Batting: LHB Brent Alonzo
|
0-0: Ball 1-0: Called Strike 1-1: Called Strike 1-2: Strikes out looking
|
Batting: LHB José Antonio Santiago
|
0-0: Called Strike 0-1: SINGLE (Flyball, 9LS)
|
Batting: RHB Earl Wiggins
|
0-0: Called Strike 0-1: Ball 1-1: Foul Ball, location: 2F 1-2: Strikes out swinging
|
Bottom of the 1st over - 0 runs, 1 hit, 0 errors, 1 left on base; Kenilworth 0 - So Cal 0 |
TOP OF THE 2ND |
Kenilworth Aces batting - Pitching for So Cal Bruins : RHP Jeffrey King
|
Batting: SHB Julián Madrid
|
0-0: Ball 1-0: Ball 2-0: Ball 3-0: Called Strike 3-1: Foul Ball, location: 2F 3-2: Fly out, F7 (Flyball, 78D)
|
Batting: LHB Santiago Márquez
|
0-0: Ball 1-0: Ball 2-0: Called Strike 2-1: Ball 3-1: SOLO HOME RUN (Flyball, 9LD), Distance : 347 ft
|
Batting: RHB Luis Sánchez
|
0-0: Called Strike 0-1: Ball 1-1: Ball 2-1: SINGLE (Groundball, 34S) (infield hit)
|
Batting: RHB Wilbert Rodgers
|
0-0: Called Strike 0-1: Ball 1-1: Fly out, F9 (Flyball, 9LMF)
|
Batting: LHB Jim Jensen
|
0-0: Ball 1-0: Swinging Strike 1-1: Fielders Choice at 2nd, 5-4 (Groundball, 5)
|
Top of the 2nd over - 1 run, 2 hits, 0 errors, 1 left on base; Kenilworth 1 - So Cal 0 |
BOTTOM OF THE 2ND |
So Cal Bruins batting - Pitching for Kenilworth Aces : RHP Erwin Entwistle
|
Batting: RHB Rubén Calderón
|
0-0: Hit by Pitch
|
Batting: LHB Phil Smith
|
0-0: Foul Ball, location: 2F 0-1: Ball 1-1: Swinging Strike 1-2: Ball 2-2: Strikes out looking
|
Batting: RHB William Richardson
|
0-0: Ground out 6-3 (Groundball, 6S) Rubén Calderón to second
|
Batting: LHB Jeff Carter
|
0-0: Ball 1-0: Ground out 1-3 (Groundball, P)
|
Bottom of the 2nd over - 0 runs, 0 hits, 0 errors, 1 left on base; Kenilworth 1 - So Cal 0 |
TOP OF THE 3RD |
Kenilworth Aces batting - Pitching for So Cal Bruins : RHP Jeffrey King
|
Batting: RHB Taylor McFarland
|
0-0: Foul Ball, location: 2F 0-1: Ball 1-1: SINGLE (Groundball, 6MD)
|
Batting: LHB Roger Moore
|
0-0: Ball 1-0: Called Strike 1-1: Foul Ball, location: 2F 1-2: Foul Ball, location: 2F 1-2: Ball 2-2: SINGLE (Line Drive, 9S) Taylor McFarland to second Runner from 2nd tries for 3rd, SAFE, no throw
|
Batting: RHB Andrés Lara
|
0-0: Swinging Strike 0-1: Ball 1-1: Ball 2-1: Foul Ball, location: 2F 2-2: Strikes out looking
|
Batting: LHB Barrett Waters
|
0-0: Ball 1-0: Swinging Strike 1-1: Ball 2-1: Ball 3-1: SINGLE (Groundball, 34) (infield hit) Taylor McFarland scores Roger Moore to second
|
Batting: SHB Julián Madrid
|
0-0: Ball 1-0: Foul Ball, location: 2F 1-1: Fly out, F7 (Flyball, 78S)
|
Batting: LHB Santiago Márquez
|
0-0: Ball 1-0: Ball 2-0: Called Strike 2-1: Reached on error, E4 (Groundball, 4) Roger Moore to third Barrett Waters to second
|
Batting: RHB Luis Sánchez
|
0-0: Ball 1-0: Swinging Strike 1-1: Ball 2-1: Foul Ball, location: 2F 2-2: DOUBLE (Line Drive, 7LD) Roger Moore scores Barrett Waters scores Santiago Márquez to third Runner from 3rd tries for Home, SAFE, no throw
|
Batting: RHB Wilbert Rodgers
|
0-0: Ball 1-0: Swinging Strike 1-1: Swinging Strike 1-2: Ball 2-2: Foul Ball, location: 2F 2-2: Strikes out swinging
|
Top of the 3rd over - 4 runs, 4 hits, 1 error, 1 left on base; Kenilworth 5 - So Cal 0 |
BOTTOM OF THE 3RD |
So Cal Bruins batting - Pitching for Kenilworth Aces : RHP Erwin Entwistle
|
Batting: RHB Pedro Mata
|
0-0: SINGLE (Groundball, 34D)
|
Batting: RHB Dani Vázquez
|
0-0: Called Strike 0-1: Foul Ball, location: 2F 0-2: Ball 1-2: SINGLE (Groundball, 25) (infield hit) Pedro Mata to second
|
Batting: LHB Brent Alonzo
|
0-0: Ball 1-0: Swinging Strike 1-1: Called Strike 1-2: Strikes out swinging
|
Batting: LHB José Antonio Santiago
|
0-0: 3-RUN HOME RUN (Flyball, 9D), Distance : 349 ft
|
Batting: RHB Earl Wiggins
|
0-0: Called Strike 0-1: Foul Ball, location: 2F 0-2: Strikes out swinging
|
Batting: RHB Rubén Calderón
|
0-0: Called Strike 0-1: Ball 1-1: Called Strike 1-2: SINGLE (Line Drive, 7LS)
|
Batting: LHB Phil Smith
|
0-0: Called Strike 0-1: 2-RUN HOME RUN (Flyball, 9D), Distance : 369 ft
|
Batting: RHB William Richardson
|
0-0: Foul Ball, location: 2F 0-1: Ball 1-1: Foul Ball, location: 2F 1-2: Foul Ball, location: 2F 1-2: Ball 2-2: Fly out, F9 (Flyball, 9S)
|
Bottom of the 3rd over - 5 runs, 5 hits, 0 errors, 0 left on base; Kenilworth 5 - So Cal 5 |
TOP OF THE 4TH |
Kenilworth Aces batting - Pitching for So Cal Bruins : RHP Jeffrey King
|
Batting: LHB Jim Jensen
|
0-0: Called Strike 0-1: Ball 1-1: Ball 2-1: Foul Ball, location: 2F 2-2: Ground out 4-3 (Groundball, 4S)
|
Batting: RHB Taylor McFarland
|
0-0: Called Strike 0-1: Foul Ball, location: 2F 0-2: Strikes out swinging
|
Batting: LHB Roger Moore
|
0-0: Foul Ball, location: 2F 0-1: Foul Ball, location: 2F 0-2: Foul Ball, location: 2F 0-2: Strikes out swinging
|
Top of the 4th over - 0 runs, 0 hits, 0 errors, 0 left on base; Kenilworth 5 - So Cal 5 |
BOTTOM OF THE 4TH |
So Cal Bruins batting - Pitching for Kenilworth Aces : RHP Erwin Entwistle
|
Batting: LHB Jeff Carter
|
0-0: Swinging Strike 0-1: Called Strike 0-2: Strikes out swinging, 2-3 out at first.
|
Batting: RHB Pedro Mata
|
0-0: Ball 1-0: Ball 2-0: Called Strike 2-1: Ground out 5-3 (Groundball, 5S)
|
Batting: RHB Dani Vázquez
|
0-0: Fly out, F7 (Flyball, 7S)
|
Bottom of the 4th over - 0 runs, 0 hits, 0 errors, 0 left on base; Kenilworth 5 - So Cal 5 |
TOP OF THE 5TH |
Kenilworth Aces batting - Pitching for So Cal Bruins : RHP Jeffrey King
|
Batting: RHB Andrés Lara
|
0-0: Called Strike 0-1: Ball 1-1: Fly out, F7 (Flyball, 78M)
|
Batting: LHB Barrett Waters
|
0-0: Foul Ball, location: 2F 0-1: SOLO HOME RUN (Flyball, 9LD), Distance : 355 ft
|
Batting: SHB Julián Madrid
|
0-0: Called Strike 0-1: Ball 1-1: Foul Ball, location: 2F 1-2: Ball 2-2: Fly out, F7 (Line Drive, 7)
|
Batting: LHB Santiago Márquez
|
0-0: Ball 1-0: Ball 2-0: Called Strike 2-1: Foul Ball, location: 2F 2-2: Ball 3-2: Foul Ball, location: 2F 3-2: Foul Ball, location: 2F 3-2: SINGLE (Groundball, 56S) (infield hit)
|
Pitching: RHP Flint Gray
|
|
Batting: RHB Luis Sánchez
|
0-0: Ball 1-0: Fielders Choice at 2nd, 6-4 (Groundball, 6)
|
Top of the 5th over - 1 run, 2 hits, 0 errors, 1 left on base; Kenilworth 6 - So Cal 5 |
BOTTOM OF THE 5TH |
So Cal Bruins batting - Pitching for Kenilworth Aces : RHP Erwin Entwistle
|
Batting: LHB Brent Alonzo
|
0-0: Swinging Strike 0-1: Ball 1-1: SOLO HOME RUN (Flyball, 78XD), Distance : 406 ft
|
Batting: LHB José Antonio Santiago
|
0-0: Ball 1-0: Foul Ball, location: 2F 1-1: Ball 2-1: Ball 3-1: Base on Balls
|
Batting: RHB Earl Wiggins
|
0-0: Ball 1-0: Fly out, F7 (Flyball, 7LSF)
|
Batting: RHB Rubén Calderón
|
0-0: Ball 1-0: Foul Ball, location: 2F 1-1: Called Strike 1-2: Foul Ball, location: 2F 1-2: Foul Ball, location: 2F 1-2: Strikes out swinging
|
Batting: LHB Phil Smith
|
0-0: Called Strike 0-1: Foul Ball, location: 2F 0-2: Ground out 5-3 (Groundball, 56S)
|
Bottom of the 5th over - 1 run, 1 hit, 0 errors, 1 left on base; Kenilworth 6 - So Cal 6 |
TOP OF THE 6TH |
Kenilworth Aces batting - Pitching for So Cal Bruins : RHP Flint Gray
|
Batting: RHB Wilbert Rodgers
|
0-0: Fly out, F7 (Flyball, 7LD)
|
Batting: LHB Jim Jensen
|
0-0: Ground out 5-3 (Groundball, 5L)
|
Batting: RHB Taylor McFarland
|
0-0: SINGLE (Groundball, 4MD)
|
Batting: LHB Roger Moore
|
0-0: Ball 1-0: Ball 2-0: Called Strike 2-1: Foul Ball, location: 2F 2-2: Ball 3-2: Foul Ball, location: 2F 3-2: SINGLE (Line Drive, 6MD) Taylor McFarland to second Taylor McFarland to third
|
Batting: RHB Andrés Lara
|
0-0: Called Strike 0-1: Fly out, F7 (Flyball, 78S)
|
Top of the 6th over - 0 runs, 2 hits, 0 errors, 2 left on base; Kenilworth 6 - So Cal 6 |
BOTTOM OF THE 6TH |
So Cal Bruins batting - Pitching for Kenilworth Aces : RHP Erwin Entwistle
|
Batting: RHB William Richardson
|
0-0: Ball 1-0: Ball 2-0: Foul Ball, location: 2F 2-1: Called Strike 2-2: Strikes out swinging
|
Batting: LHB Jeff Carter
|
0-0: Ground out 3-1 (Groundball, 34)
|
Batting: RHB Pedro Mata
|
0-0: Called Strike 0-1: Foul Ball, location: 2F 0-2: Ball 1-2: Foul Ball, location: 2F 1-2: Strikes out swinging
|
Bottom of the 6th over - 0 runs, 0 hits, 0 errors, 0 left on base; Kenilworth 6 - So Cal 6 |
TOP OF THE 7TH |
Kenilworth Aces batting - Pitching for So Cal Bruins : RHP Flint Gray
|
Pitching: RHP Marty Burgess
|
|
Batting: LHB Barrett Waters
|
0-0: Foul Ball, location: 2F 0-1: Foul Ball, location: 2F 0-2: Ball 1-2: Ball 2-2: Ball 3-2: Ground out 4-3 (Groundball, 4)
|
Batting: SHB Julián Madrid
|
0-0: Called Strike 0-1: Swinging Strike 0-2: Foul Ball, location: 2F 0-2: Ball 1-2: Foul Ball, location: 2F 1-2: Ball 2-2: Ground out 5-3 (Groundball, 56)
|
Batting: LHB Santiago Márquez
|
0-0: Ball 1-0: Called Strike 1-1: Ball 2-1: Ball 3-1: Ground out 4-3 (Groundball, 34)
|
Top of the 7th over - 0 runs, 0 hits, 0 errors, 0 left on base; Kenilworth 6 - So Cal 6 |
BOTTOM OF THE 7TH |
So Cal Bruins batting - Pitching for Kenilworth Aces : RHP Erwin Entwistle
|
Batting: RHB Dani Vázquez
|
0-0: Ball 1-0: Ball 2-0: Called Strike 2-1: Foul Ball, location: 2F 2-2: Ground out 1-3 (Groundball, 13S)
|
Batting: LHB Brent Alonzo
|
0-0: Called Strike 0-1: SINGLE (Line Drive, 89S)
|
Batting: LHB José Antonio Santiago
|
0-0: Ball 1-0: Foul Ball, location: 2F 1-1: 2-RUN HOME RUN (Flyball, 9D), Distance : 368 ft
|
Pitching: RHP Pablo Cabral
|
|
Batting: RHB Earl Wiggins
|
0-0: Ball 1-0: Ground out 4-3 (Groundball, 4MS)
|
Batting: RHB Rubén Calderón
|
0-0: Swinging Strike 0-1: SINGLE (Groundball, 6MD)
|
Batting: LHB Phil Smith
|
0-0: Fly out, F8 (Flyball, 8RD)
|
Bottom of the 7th over - 2 runs, 3 hits, 0 errors, 1 left on base; Kenilworth 6 - So Cal 8 |
TOP OF THE 8TH |
Kenilworth Aces batting - Pitching for So Cal Bruins : RHP Marty Burgess
|
Batting: RHB Luis Sánchez
|
0-0: Called Strike 0-1: Fly out, F5 (Line Drive, 5)
|
Batting: RHB Wilbert Rodgers
|
0-0: Called Strike 0-1: Foul Ball, location: 2F 0-2: Ball 1-2: Ball 2-2: Foul Ball, location: 2F 2-2: Foul Ball, location: 2F 2-2: Strikes out swinging
|
Batting: LHB Jim Jensen
|
0-0: Swinging Strike 0-1: Ball 1-1: Foul Ball, location: 2F 1-2: DOUBLE (Line Drive, 78D)
|
Batting: RHB Taylor McFarland
|
0-0: Ball 1-0: Called Strike 1-1: Ball 2-1: Ball 3-1: Base on Balls
|
Pinch Runner at 2nd José Sánchez:
|
|
Batting: LHB Roger Moore
|
0-0: Ball 1-0: Called Strike 1-1: Foul Ball, location: 2F 1-2: Foul Ball, location: 2F 1-2: Strikes out swinging
|
Top of the 8th over - 0 runs, 1 hit, 0 errors, 2 left on base; Kenilworth 6 - So Cal 8 |
BOTTOM OF THE 8TH |
So Cal Bruins batting - Pitching for Kenilworth Aces : RHP Pablo Cabral
|
Now at 2B: José Sánchez
|
|
Batting: RHB William Richardson
|
0-0: SINGLE (Groundball, 34D)
|
Batting: LHB Jeff Carter
|
0-0: Ball 1-0: Ball 2-0: Swinging Strike 2-1: Ball 3-1: SINGLE (Groundball, 34D) William Richardson to second Runner from 2nd tries for 3rd, SAFE, no throw
|
Pinch Runner at 3rd José Delgado:
|
|
Batting: RHB Pedro Mata
|
0-0: Called Strike 0-1: Called Strike 0-2: Foul Ball, location: 2F 0-2: SINGLE (Groundball, 34D) José Delgado scores Jeff Carter to second Runner from 2nd tries for 3rd, SAFE, no throw
|
Batting: RHB Dani Vázquez
|
0-0: Ball 1-0: Ball 2-0: SINGLE (Groundball, 6D) Jeff Carter scores Pedro Mata to second
|
Pitching: LHP Mark Murchison
|
|
Batting: LHB Brent Alonzo
|
0-0: Ball 1-0: Ball 2-0: Called Strike 2-1: Swinging Strike 2-2: Ball 3-2: Base on Balls Pedro Mata to third Dani Vázquez to second
|
Batting: LHB José Antonio Santiago
|
0-0: Ball 1-0: Called Strike 1-1: SINGLE (Groundball, 3D) Pedro Mata scores Dani Vázquez to third Brent Alonzo to second
|
Batting: RHB Earl Wiggins
|
0-0: Called Strike 0-1: Foul Ball, location: 2F 0-2: Grounds into double play, 5-2-3 (Groundball, 56) Brent Alonzo to third José Antonio Santiago to second
|
Batting: RHB Rubén Calderón
|
0-0: Ball 1-0: Swinging Strike 1-1: Ground out 6-3 (Groundball, 6)
|
Bottom of the 8th over - 3 runs, 5 hits, 0 errors, 2 left on base; Kenilworth 6 - So Cal 11 |
TOP OF THE 9TH |
Kenilworth Aces batting - Pitching for So Cal Bruins : RHP Marty Burgess
|
Now at 1B: José Delgado
|
|
Batting: RHB Andrés Lara
|
0-0: Swinging Strike 0-1: Ball 1-1: Ball 2-1: Ball 3-1: Called Strike 3-2: Strikes out swinging
|
Batting: LHB Barrett Waters
|
0-0: Called Strike 0-1: Foul Ball, location: 2F 0-2: SINGLE (Groundball, 5S) (infield hit)
|
Pitching: RHP César Menéndez
|
|
Batting: SHB Julián Madrid
|
0-0: Ball 1-0: Ball 2-0: Called Strike 2-1: Foul Ball, location: 2F 2-2: Fly out, F9 (Flyball, 9LS)
|
Batting: LHB Santiago Márquez
|
0-0: Ball 1-0: Foul Ball, location: 2F 1-1: Fly out, F7 (Line Drive, 78M)
|
Top of the 9th over - 0 runs, 1 hit, 0 errors, 1 left on base; Kenilworth 6 - So Cal 11 |
|